 Dungeon Crawl Stone Soup version 0.21-a0-265-gb353147 (webtiles) character file.

94 kingsoulja the Skirmisher (level 4, -2/40 HPs)
             Began as a Draconian Fighter on Sept 10, 2017.
             Was an Initiate of Vehumet.
             Slain by a centaur (4 damage)
             ... on level 2 of the Dungeon.
             The game lasted 00:09:23 (2746 turns).

kingsoulja the Skirmisher (Draconian Fighter)       Turns: 2746, Time: 00:09:24

Health: -2/40      AC:  5    Str: 20    XL:     4   Next: 38%
Magic:  4/4        EV: 10    Int:  8    God:    Vehumet [......]
Gold:   67         SH:  9    Dex: 10    Spells: 3/3 levels left

rFire    . . .     SeeInvis .   a - +0 war axe
rCold    . . .     Gourm    .   b - +0 shield
rNeg     . . .     Faith    .   (armour unavailable)
rPois    .         Spirit   .   (helmet restricted)
rElec    .         Reflect  .   (no cloak)
rCorr    .         Harm     .   (no gloves)
MR       .....                  (no boots)
Stlth    +.........             (no amulet)
HPRegen  0.13/turn              (no ring)
MPRegen  0.09/turn              (no ring)

@: lethally poisoned (-2 -> -4)
A: unfitting armour, cold-blooded, AC +5
a: Renounce Religion


You were on level 2 of the Dungeon.
You worshipped Vehumet.
Vehumet was noncommittal.
You were not hungry.

You visited 1 branch of the dungeon, and saw 2 of its levels.

You collected 67 gold pieces.

Inventory:

Hand Weapons
 a - a +0 war axe (weapon)
 e - a +0 whip
 f - a +0 whip
 h - a +0 dagger
 n - a +0 short sword
 t - a +0 dagger
 w - a +0 dagger
Missiles
 g - 29 bolts
 u - 4 stones (quivered)
Armour
 b - a +0 shield (worn)
 d - a +0 scale mail
Scrolls
 i - a scroll of identify {unknown}
 j - 4 scrolls of remove curse {unknown}
 k - a scroll of enchant armour {unknown}
 o - a scroll of fear {unknown}
 p - a scroll of immolation {unknown}
 s - a scroll of magic mapping {unknown}
Potions
 c - 2 potions of might
 l - a potion of ambrosia {unknown}
 m - 2 potions of curing
 q - a potion of flight {unknown}
 r - a potion of cancellation {unknown}
 x - a potion of agility {unknown}
Comestibles
 v - a royal jelly


   Skills:
 + Level 3.7 Fighting
 + Level 3.6 Axes
 + Level 3.0 Dodging
 + Level 0.2 Stealth
 + Level 3.4 Shields


You had 3 spell levels left.
You didn't know any spells.

Dungeon Overview and Level Annotations

Branches:
Dungeon (2/15)

Altars:
Vehumet


Innate Abilities, Weirdness & Mutations

Your plain brown scales are hard. (AC +5)
You cannot fit into any form of body armour.
You are cold-blooded and may be slowed by cold attacks.


Message History

The centaur hits you but does no damage.
The adder closely misses you.
You hit the adder.
Your tail-slap misses the adder.
The adder is almost dead.
You hit the centaur but do no damage.
You feel sick. You block the centaur's attack. You block the adder's attack.
The centaur hits you. You block the adder's attack.
The centaur closely misses you.
You closely miss the adder.
The adder is almost dead.
You closely miss the centaur. The adder closely misses you.
The centaur hits you.
* * * LOW HITPOINT WARNING * * *
The adder closely misses you. The centaur barely misses you.
You closely miss the adder.
The adder is almost dead.
You hit the centaur.
You feel sick. The centaur hits you.
* * * LOW HITPOINT WARNING * * *
The adder bites you but does no damage. The centaur hits you.
You die...

#.......##.####+########
###
#...........†<.........#
.÷......######.........#
♣...♣...+..............#
........######.........#
..>...♣.# #.........#
........# #.†.......#
♣...♣...# ####.c.......#
.......## #....S@......#
#.....## #.(#.........#
####### #'(####......#
#...†....########
#..?.....# #..###...#
#..#..#c.# #..#$(#..#
#...###..#


You could see a centaur and an adder.

Vanquished Creatures
  2 adders (D:2)
  An ooze (D:1)
  2 worms (D:2)
  3 dart slugs
  A leopard gecko (D:1)
  5 bats
  6 giant cockroaches
  7 goblins
  3 hobgoblins
  2 jackals (D:1)
  9 kobolds
  3 quokkas (D:2)
  7 frilled lizards
  7 rats
  5 plants (D:1)
63 creatures vanquished.

Notes
Turn   | Place    | Note
-------+----------+-------------------------------------------
     0 | D:1      | kingsoulja the Draconian Fighter began the quest for the Orb.
     0 | D:1      | Reached XP level 1. HP: 19/19 MP: 1/1
   316 | D:1      | Reached XP level 2. HP: 25/26 MP: 2/2
   884 | D:1      | Reached XP level 3. HP: 26/31 MP: 3/3
  2280 | D:2      | Found a radiant altar of Vehumet.
  2301 | D:2      | Became a worshipper of Vehumet
  2352 | D:2      | Reached XP level 4. HP: 34/40 MP: 4/4
  2733 | D:2      | Noticed a centaur
  2746 | D:2      | HP: 2/40 [centaur (5)]
  2746 | D:2      | Slain by a centaur

Vault maps used:
D:1:      kennysheep_arrival_seaside, serial_glass, glass_columns_a,
          glass_columns_c, glass_columns_b, glass_columns_a
D:2:      vehumet_crystals, grunt_ministairs_2, kennysheep_generic_room_7

Skill      XL: |  1  2  3 |
---------------+----------+-----
Axes           | 3 |  3.6
Dodging        | 3 |  3.0
Fighting       | |  3.7
Stealth        | |  0.2
Shields        | |  3.4

Action                   |  1- 3 |  4- 6 || total
-------------------------+-------+-------++-------
Melee: War axe           |   249 |    30 ||   279
       Tailslap          |    38 |     3 ||    41
  Use: Potion            |       |     1 ||     1
  Eat: Chunk             |     2 |       ||     2
       Bread ration      |     1 |       ||     1
Armor: Skin              |    48 |     8 ||    56
Dodge: Dodged            |    66 |    27 ||    93
Block: Shield            |    79 |    28 ||   107

Table legend:
 A = Spawn XP
 B = Non-spawn XP
 C = Spawn XP percentage of total XP
 D = Spawn monster count
 E = Non-spawn monster count
 F = Spawn count percentage of total count
 G = Total turns spent on level
                    A         B        C        D         E        F      G
               +---------+---------+-------+---------+---------+-------+---------
         Total |       0 |     135 |   0.0 |       0 |      58 |   0.0 |  2746
               +---------+---------+-------+---------+---------+-------+---------
           D:1 |       0 |      63 |   0.0 |       0 |      32 |   0.0 |  1696
           D:2 |       0 |      72 |   0.0 |       0 |      26 |   0.0 |  1050
               +---------+---------+-------+---------+---------+-------+---------
